[Event "Early-Titled-Tuesday-Blitz-July-09-2024"]
[Site "Chess.com"]
[Date "2024.07.09"]
[Round "10"]
[White "Gyulamiryan-koryun"]
[Black "DanylaBagrov"]
[Result "0-1"]
[WhiteElo "1918"]
[BlackElo "2599"]
[TimeControl "180+1"]
[EndTime "9:57:08 PDT"]
[Termination "DanylaBagrov won by resignation"]

1. d4 d6 2. c4 e5 3. Nc3 exd4 4. Qxd4 Nc6 5. Qd1 Be6 6. e4 a5 7. Nf3 g6 8. h3 Bg7 9. Be3 Nf6 10. Bd3 O-O 11. O-O Nd7 12. Re1 Nc5 13. Bf1 Re8 14. Qc2 a4 15. Rad1 Qc8 16. Bxc5 dxc5 17. Nxa4 Nd4 18. Nxd4 Bxd4 19. b3 Rxa4 20. bxa4 b6 21. Kh2 Bd7 22. f4 Qa8 23. Qe2 Bxa4 24. Rd3 Bc6 25.
e5 f6 26. Rxd4 cxd4 27. Qd3 fxe5 28. fxe5 Qd8 29. e6 Qd6+ 30. Kg1 Bb7 31. e7 c5 32. Qe2 Kf7 33. Qf2+ Qf6 34. Qb2 Rxe7 35. Rxe7+ Kxe7 36. Bd3 Qe6 37. a4 Qe3+ 38. Kh2 Qxd3 39. Qxb6 Qe4 40. Qxc5+ Kf6 41. Qd6+ Kg7 42. Qc7+ Kh6 43. Qg3 d3 44. h4 Qxg2+ 45. Qxg2 Bxg2 46. Kxg2 d2 0-1

[Event "Early-Titled-Tuesday-Blitz-July-09-2024"]
[Site "Chess.com"]
[Date "2024.07.09"]
[Round "10"]
[White "Lady_Nika"]
[Black "michaelskie11"]
[Result "0-1"]
[WhiteElo "2502"]
[BlackElo "2408"]
[TimeControl "180+1"]
[EndTime "9:57:08 PDT"]
[Termination "michaelskie11 won by resignation"]

1. e4 e6 2. d4 d5 3. e5 c5 4.
c3 Nc6 5. Nf3 Qb6 6. Bd3 Bd7 7.
Bc2 cxd4 8. cxd4 Nb4 9. Nc3 Nxc2+ 10. Qxc2 Rc8 11. O-O Bb4 12. Bd2 Ne7 13. Rfb1 Nf5 14. Qd3 O-O 15. g4 Ne7 16. a3 Bxc3 17. bxc3 Qc7 18.
Bg5 Nc6 19. Bd2 Na5 20. Ng5 g6 21. Qh3 h5 22. gxh5 Kg7 23. hxg6 Rh8 24. Nh7 fxg6 25. Qh6+ Kf7 26. Qxg6+ Kxg6 27. Ng5 Nb3 28. Rxb3 Rcg8 29. Kh1 Kf5 30. c4 Rxg5 31. Rf3+ Ke4 32. Re3+ Kxd4 33. Rd1 Ba4 34. Bc3+ Kc5 35. Bd4+ Kc6 36. Rc1 Qh7 37. h3 Rh5 38. cxd5+ Kxd5 39. Kg2 Qg6+ 40. Kf1 Bb5+ 41. Ke1 Qg1+ 42. Kd2 Qxf2+ 43. Kc3 Rc8+ 44. Kb4 Rxc1 0-1

[Event "Early-Titled-Tuesday-Blitz-July-09-2024"]
[Site "Chess.com"]
[Date "2024.07.09"]
[Round "10"]
[White "Ordekalog"]
[Black "rasmussvane"]
[Result "0-1"]
[WhiteElo "2720"]
[BlackElo "2912"]
[TimeControl "180+1"]
[EndTime "9:57:09 PDT"]
[Termination "rasmussvane won on time"]

1. d4 Nf6 2. c4 e6 3. Nc3 Bb4 4. Bd2 c5 5. e3 cxd4 6. exd4 d5 7.
Nf3 O-O 8. Bd3 dxc4 9. Bxc4 b6 10. O-O Bb7 11. Be3 Nc6 12. a3 Bd6 13. Ba2 Ne7 14. Ne5 Nf5 15. Bf4 Rc8 16. Re1 Re8 17. Qd3 Bxe5 18. Bxe5 Nd5 19. Ne4 f6 20. Bg3 Qd7 21.
Rad1 Bc6 22. Rd2 Bb5 23. Qf3 Bc6 24. Qg4 Kh8 25. h4 Rcd8 26. Bh2 Nde7 27. Nxf6 gxf6 28.
Bxe6 Qb7 29. f3 Ng7 30. Bf7 Rf8 31. Ba2 Bd5 32. Bb1 Qd7 33. Qf4 Ng6 34. Qh6 Nf5 35. Qh5 Ngxh4 36. Rde2 Rg8 37. Re7 Rxg2+ 38. Kh1 Rxh2+ 39.
Kxh2 Qd6+ 40. Kh1 Ng3+ 41. Kg1 Nxh5 42. Rxh7+ Kg8 0-1

[Event "Early-Titled-Tuesday-Blitz-July-09-2024"]
[Site "Chess.com"]
[Date "2024.07.09"]
[Round "10"]
[White "K_A_S_T_O_R"]
[Black "Meri-Arabidze"]
[Result "1-0"]
[WhiteElo "2860"]
[BlackElo "2697"]
[TimeControl "180+1"]
[EndTime "9:57:09 PDT"]
[Termination "K_A_S_T_O_R won on time"]

1. e4 e5 2. Nf3 Nc6 3. Bb5 a6 4. Ba4 Nf6 5. O-O d6 6. Bxc6+ bxc6 7. d4 exd4 8. Nxd4 c5 9. Nf3 Bg4 10. Nc3 Nd7 11. h3 Bh5 12. Qd3 Be7 13. Bf4 O-O 14.
Rfe1 Bf6 15. Rab1 Rb8 16. b3 Bxc3 17. Qxc3 Qf6 18. Qxf6 Nxf6 19. Nd2 Nd7 20. g4 Bg6 21.
Nc4 f6 22. f3 Ne5 23. Nd2 h5 24. Kg2 hxg4 25. hxg4 Kf7 26. Rh1 Rh8 27. Kg3 Ke7 28. Be3 Nc6 29. c3 a5 30. Rxh8 Rxh8 31. f4 a4 32. b4 cxb4 33. cxb4 a3 34. b5 Nd8 35. b6 cxb6 36. Rxb6 Bf7 37. Ra6 Bxa2 38.
Ra7+ Kf8 39. Rxa3 Be6 40. Ra7 Rh1 41. f5 Bf7 42. Bf4 Rd1 43. Bxd6+ Kg8 44. Bf4 Nc6 45.
Rd7 Nb4 46. g5 fxg5 47. Bxg5 Be8 48. Rd6 Kh7 49. Bf4 Bf7 50. Rd7 Bc4 51. Be5 Bd3 52. Nf3 Kh6 53. Bxg7+ Kh5 54. Be5 1-0

[Event "Early-Titled-Tuesday-Blitz-July-09-2024"]
[Site "Chess.com"]
[Date "2024.07.09"]
[Round "10"]
[White "Rakhmanov_Aleksandr"]
[Black "Sadykov_Ramil"]
[Result "1-0"]
[WhiteElo "2852"]
[BlackElo "2630"]
[TimeControl "180+1"]
[EndTime "9:57:09 PDT"]
[Termination "Rakhmanov_Aleksandr won on time"]

1. d4 d5 2. c4 e6 3. Nc3 Be7 4. Nf3 Nf6 5. Bf4 O-O 6. e3 a6 7. cxd5 Nxd5 8. Nxd5 exd5 9. Bd3 Nd7 10. Qc2 Bb4+ 11.
Kf1 c5 12. a3 Ba5 13. dxc5 Nf6 14. h3 Bc7 15. Bxc7 Qxc7 16. b4 a5 17. b5 Ne4 18.
Rc1 Bd7 19. a4 Rac8 20. Bxe4 dxe4 21. Qxe4 Rfe8 22. Qc2 Be6 23. Ke2 Bd5 24. Rhd1 Bxf3+ 25. Kxf3 Re5 26. c6 Ree8 27. Rd7 Qe5 28. Rxb7 Qh5+ 29. Kg3 Qe5+ 30. Kf3 Qh5+ 31. Kg3 Qe5+ 32. f4 Qxe3+ 33. Kh2 Qxf4+ 34. Kh1 h5 35. Rg1 Re3 36. Rd1 g6 37. c7 1-0

[Event "Early-Titled-Tuesday-Blitz-July-09-2024"]
[Site "Chess.com"]
[Date "2024.07.09"]
[Round "10"]
[White "Balla_Tamas"]
[Black "PedroGil25"]
[Result "0-1"]
[WhiteElo "2490"]
[BlackElo "2636"]
[TimeControl "180+1"]
[EndTime "9:57:10 PDT"]
[Termination "PedroGil25 won by resignation"]

1. e4 c5 2. c3 d5 3. exd5 Qxd5 4. d4 Nc6 5. Nf3 Nf6 6. Be3 cxd4 7. cxd4 e6 8. Nc3 Bb4 9. Bd3 O-O 10. O-O Bxc3 11. bxc3 b6 12. Qe2 Bb7 13. Rad1 Rac8 14. c4 Qh5 15.
Bb1 Na5 16. c5 Bxf3 17. Qxf3 Qxf3 18. gxf3 Nd5 19. Be4 Nxe3 20. fxe3 bxc5 21. dxc5 Rxc5 22. Rd7 Nc4 23. Rxa7 Nxe3 24. Rb1 g6 25. Kf2 Nf5 26. a4 Nd6 27. a5 Nxe4+ 28. fxe4 Rc2+ 29. Kg3 Ra2 30. a6 Kg7 31. Rb3 h5 32. h4 Ra4 33.
e5 Re4 34. Rb5 Rg4+ 35. Kf3 Rxh4 36. Rd7 Ra4 37. a7 g5 38. Rbb7 h4 39. Kg2 g4 40.
Kg1 Ra2 41. Rb8 Rxa7 42. Rxa7 Rxb8 43. Ra4 Kg6 44. Rxg4+ Kf5 45. Rxh4 Kxe5 46. Kf2 f5 47. Ke2 Rb3 48. Kf2 f4 49. Ke2 Ke4 50. Rh7 e5 51. Ra7 Rb2+ 52. Kf1 Kf3 53. Ra3+ Kg4 54. Ra8 e4 55.
Rg8+ Kf3 56. Kg1 e3 57. Re8 e2 58. Re5 Rb1+ 59. Kh2 e1=Q 0-1

[Event "Early-Titled-Tuesday-Blitz-July-09-2024"]
[Site "Chess.com"]
[Date "2024.07.09"]
[Round "10"]
[White "FerAsensio2024"]
[Black "Hirna2005"]
[Result "0-1"]
[WhiteElo "2505"]
[BlackElo "2425"]
[TimeControl "180+1"]
[EndTime "9:57:13 PDT"]
[Termination "Hirna2005 won by checkmate"]

1. d4 g6 2. Nc3 Bg7 3. e4 d6 4.
Be3 a6 5. Qd2 b5 6. a3 Nd7 7. f4 Bb7 8. Nf3 Rc8 9. Rd1 c5 10.
Be2 Ngf6 11. e5 Ng4 12. exd6 O-O 13. dxc5 Nxc5 14. Bxc5 Rxc5 15. h3 Nf6 16. Ne5 Bxg2 17. Rh2 Ba8 18. b4 Rxc3 19. Qxc3 exd6 20. Qd3 Ne4 21. Bf3 Qh4+ 22. Kf1 dxe5 23. Bxe4 Qxf4+ 24. Qf3 Qxh2 25. Bxa8 Qxc2 26. Rd7 Qc1+ 27. Kg2 Qg5+ 28. Kh1 f5 29. Bd5+ Kh8 30. Be6 e4 31. Qb3 Qc1+ 32. Rd1 Qc7 33. Bd5 Rd8 34. Be6 Re8 35. Rd7 Qc1+ 36. Rd1 Qf4 37. Bf7 Rf8 38. Kg2 Qg5+ 39. Kh1 f4 40. Bd5 Qe5 41. Re1 e3 42. Bf3 Qg5 43. Rg1 Qh4 44. Qd3 Qxh3# 0-1

[Event "Early-Titled-Tuesday-Blitz-July-09-2024"]
[Site "Chess.com"]
[Date "2024.07.09"]
[Round "10"]
[White "Zohid6"]
[Black "FREDERICKtheMATE"]
[Result "1-0"]
[WhiteElo "2977"]
[BlackElo "2747"]
[TimeControl "180+1"]
[EndTime "9:57:14 PDT"]
[Termination "Zohid6 won on time"]

1. e4 c5 2. Nf3 Nc6 3. Bb5 g6 4. O-O Bg7 5. d3 e5 6. Bxc6 dxc6 7. a4 a5 8. b3 Ne7 9. Bb2 f6 10. Na3 O-O 11. Nc4 b6 12. Nfd2 Be6 13. f4 exf4 14.
Rxf4 f5 15. Bxg7 Kxg7 16. Kh1 Bxc4 17. bxc4 Qc7 18. Rf1 fxe4 19. Nxe4 Nf5 20. Qd2 Rae8 21. Rab1 Nd4 22. c3 Ne6 23. h3 Nf4 24. Rbe1 h6 25. d4 cxd4 26. cxd4 g5 27. c5 bxc5 28. dxc5 Nd5 29.
Nd6 Rxe1 30. Rxe1 Kg8 31. Re6 Qg7 32. Qxa5 g4 33. hxg4 Qxg4 34. Re4 Rf1+ 35. Kh2 Qh5+ 36. Kg3 Rf8 37. Qd2 Nf6 38. Rf4 Qxc5 39. Kh3 Qg5 40. Nf5 Ne4 41. Qa2+ Kh8 42. Qb2+ 1-0

[Event "Early-Titled-Tuesday-Blitz-July-09-2024"]
[Site "Chess.com"]
[Date "2024.07.09"]
[Round "10"]
[White "kacperkarwowski"]
[Black "LikeWater"]
[Result "1-0"]
[WhiteElo "2559"]
[BlackElo "2677"]
[TimeControl "180+1"]
[EndTime "9:57:14 PDT"]
[Termination "kacperkarwowski won by checkmate"]

1. f4 Nf6 2. Nf3 d6 3. b3 e5 4. fxe5 dxe5 5. Bb2 e4 6. Ne5 Bd6 7. d4 Bxe5 8. dxe5 Qxd1+ 9. Kxd1 Ng4 10. Ke1 Nc6 11.
Nc3 Bf5 12. Nb5 O-O-O 13. h3 Ne3 14. Kf2 Nxc2 15. Rc1 a6 16. Rxc2 e3+ 17. Kxe3 Bxc2 18. Na3 Bg6 19. g4 Rhe8 20. Nc4 b5 21. Bg2 Nb4 22.
Na5 Nc2+ 23. Kf2 Nd4 24. Bxd4 Rxd4 25. Bb7+ Kd7 26. Bc6+ Ke7 27. Bxe8 Kxe8 28. Rc1 Kd7 29.
Nb7 Rd2 30. Nc5+ Kd8 31. Nxa6 Rxa2 32. Nxc7 Bd3 33. Ke3 Bxe2 34. e6 Ke7 35. Nd5+ Kxe6 36. Nf4+ Kd6 37. Nxe2 Rb2 38. Rc3 Rb1 39. Nd4 b4 40.
Rd3 Ke5 41. Nc6+ Kf6 42. Nxb4 Rh1 43. Kf2 Kg5 44. Kg2 Rb1 45. Nd5 Kh4 46. Rf3 Rb2+ 47.
Kf1 f6 48. Ne7 g6 49. Ng8 f5 50. gxf5 gxf5 51. Ne7 f4 52. Nd5 Rb1+ 53. Kg2 Rb2+ 54. Rf2 Rxb3 55. Rxf4+ Kg5 56. Rf3 Rb2+ 57. Kg3 h6 58.
Ne7 Rb5 59. h4+ Kh5 60. Rf5+ Rxf5 61. Nxf5 Kg6 62. Kg4 Kh7 63. Kh5 Kh8 64. Nxh6 Kh7 65. Nf5 Kh8 66. Kg5 Kg8 67. h5 Kh8 68. h6 Kg8 69.
Kg6 Kh8 70. Nd6 Kg8 71. h7+ Kf8 72. h8=Q+ Ke7 73. Qf6+ Kd7 74. Nb5 Ke8 75. Qf7+ Kd8 76. Qc7+ Ke8 77. Nd6+ Kf8 78. Qd8# 1-0

[Event "Early-Titled-Tuesday-Blitz-July-09-2024"]
[Site "Chess.com"]
[Date "2024.07.09"]
[Round "10"]
[White "ImportedItalianMaple"]
[Black "KNVB"]
[Result "1-0"]
[WhiteElo "2490"]
[BlackElo "2642"]
[TimeControl "180+1"]
[EndTime "9:57:14 PDT"]
[Termination "ImportedItalianMaple won by checkmate"]

1. d4 e5 2. dxe5 Nc6 3. Nf3 Qe7 4. Bf4 Qb4+ 5. Bd2 Qxb2 6. Nc3 Bb4 7. Rb1 Qxc3 8. Bxc3 Bxc3+ 9. Nd2 Nxe5 10. e3 Nf6 11.
Bd3 d5 12. O-O O-O 13. Nf3 Nxf3+ 14. gxf3 Bh3 15. Rxb7 Bxf1 16. Kxf1 Ba5 17. Rb1 Bb6 18.
c4 Rad8 19. Qc2 dxc4 20. Bxc4 Rd6 21. Rd1 Rfd8 22. Rxd6 cxd6 23. Bb3 d5 24. h4 g6 25.
Qc3 d4 26. Qc4 Rd7 27. exd4 Bxd4 28. h5 Kg7 29. h6+ Kxh6 30. Ba4 Rd8 31. Qxf7 Nh5 32. Qc7 Bb6 33. Qc1+ Kg7 34. Bb3 Rf8 35. Qc3+ Kh6 36.
a4 Rf5 37. Bc2 Rc5 38. Qd2+ Kg7 39. Qd7+ Kh6 40. Be4 Nf6 41. Qh3+ Rh5 42. Qe6 Nxe4 43. fxe4 Rh1+ 44. Kg2 Rh5 45. Qe8 Rg5+ 46. Kf3 Rh5 47. Qf8+ Kg5 48. Qf4# 1-0

[Event "Early-Titled-Tuesday-Blitz-July-09-2024"]
[Site "Chess.com"]
[Date "2024.07.09"]
[Round "10"]
[White "noblerone"]
[Black "Irina_Mikhaylova"]
[Result "0-1"]
[WhiteElo "2486"]
[BlackElo "2399"]
[TimeControl "180+1"]
[EndTime "9:57:14 PDT"]
[Termination "Irina_Mikhaylova won by checkmate"]

1. d4 Nf6 2. Nf3 g6 3. Bg5 Bg7 4. Nbd2 d5 5. e3 O-O 6. Be2 b6 7. O-O Bb7 8. a4 a5 9. b3 h6 10. Bh4 g5 11. Bg3 Ne4 12. Be5 f6 13. Bg3 e5 14. Ne1 Nc3 15. Bg4 Nxd1 16. Rxd1 Bc8 17.
Be2 Ba6 18. c4 exd4 19. exd4 Nc6 20. Nc2 Nb4 21. Nxb4 axb4 22. Rfe1 Re8 23. Bf3 Rxe1+ 24. Rxe1 Bb7 25. c5 Qd7 26. h4 Re8 27. Rc1 f5 28. Bh5 Re7 29. cxb6 f4 30. Rxc7 fxg3 31. Rxd7 gxf2+ 32. Kxf2 Bxd4+ 33. Kf3 Rxd7 34. hxg5 hxg5 35. Bg4 Rd6 36.
Ke2 Ba6+ 37. Kf3 Bc3 38. Nf1 d4 39. Bf5 Bb7+ 40. Kg4 d3 41. Ne3 d2 42. Nd1 Rxb6 43. Bc2 Bxg2 44. Kxg5 Kg7 45. Kf5 Rf6+ 46. Kg4 Rf1 47.
Ne3 Rc1 48. Bd1 Be4 49. Kf4 Bc2 50. Bxc2 Rxc2 51. a5 Ra2 52. Kf3 Rxa5 53. Ke2 Ra1 54. Nd1 Rxd1 55. Kxd1 Kf6 56. Kc2 Ke5 57. Kb1 Kf4 58.
Ka2 Ke3 59. Kb1 Ke2 60. Ka2 Kd3 61. Kb1 d1=Q+ 62. Ka2 Qa1# 0-1

[Event "Early-Titled-Tuesday-Blitz-July-09-2024"]
[Site "Chess.com"]
[Date "2024.07.09"]
[Round "10"]
[White "ChessFighter_2011"]
[Black "Nitzan_Steinberg"]
[Result "1-0"]
[WhiteElo "2963"]
[BlackElo "2874"]
[TimeControl "180+1"]
[EndTime "9:57:15 PDT"]
[Termination "ChessFighter_2011 won on time"]

1. e4 c5 2. Nf3 d6 3. Bb5+ Bd7 4. c4 Nf6 5. Nc3 g6 6. O-O Bg7 7. d4 cxd4 8. Nxd4 O-O 9. Bxd7 Qxd7 10. f3 Nc6 11.
Be3 a6 12. Qe2 Rac8 13. Rfd1 Ne5 14. b3 b5 15. Nd5 Rb8 16. cxb5 axb5 17. Rac1 Nxd5 18.
exd5 Rfc8 19. f4 Ng4 20. Nc6 Ra8 21. Bb6 Bf8 22. Rc2 b4 23. Rdc1 Re8 24. Nxb4 Bh6 25. g3 e5 26. dxe6 Rxe6 27. Qf3 Rae8 28. Nd3 Qb5 29. Bd4 Ne3 30. Rd2 Re4 31. Bxe3 Rxe3 32.
Qf1 Bg7 33. Nf2 Qb6 34. Qc4 h5 35. Kg2 h4 36. Qc6 Qa7 37. Rcc2 hxg3 38. hxg3 Qe7 39.
Qd5 Qd7 40. a4 Re1 41. Qxd6 Qf5 42. Qd5 Qf6 43. a5 Qa1 44. Rd1 1-0

[Event "Early-Titled-Tuesday-Blitz-July-09-2024"]
[Site "Chess.com"]
[Date "2024.07.09"]
[Round "10"]
[White "tusplingher"]
[Black "Schack-Hugo"]
[Result "0-1"]
[WhiteElo "2682"]
[BlackElo "2564"]
[TimeControl "180+1"]
[EndTime "9:57:16 PDT"]
[Termination "Schack-Hugo won by resignation"]

1. c4 c6 2. g3 d5 3. Bg2 Nf6 4.
Nf3 dxc4 5. O-O Nbd7 6. Qc2 Nb6 7. Na3 Be6 8. Ne5 Qd4 9. Nxc6 bxc6 10. Bxc6+ Kd8 11.
Nb5 Qe5 12. Bxa8 Nxa8 13. a4 h5 14. d4 Qd5 15. Nc3 Qd7 16. e4 h4 17. d5 Bh3 18. Rd1 Ng4 19. e5 Nxh2 20. Kxh2 hxg3+ 21. Kg1 gxf2+ 22. Kxf2 Bf5 23. e6 Bxc2 24. exd7 Bxd1 25. Nxd1 Nb6 26. Ne3 Rh1 27. a5 Nxd7 28. Kg2 Re1 29.
Kf2 Rh1 30. Kg2 Rh5 31. Nxc4 Rxd5 32. Be3 a6 33. Nb6 Rd3 34. Kf3 f5 35. Ke2 Rd6 36. Rc1 Ke8 37. Rc8+ Kf7 38. Rc7 Ne5 39. Bf4 Re6 40.
Kf1 Nd3 41. Bg5 f4 42. Nd5 f3 43. Bh4 Re5 44. Nc3 Rxa5 45. Nb1 Ra1 0-1

[Event "Early-Titled-Tuesday-Blitz-July-09-2024"]
[Site "Chess.com"]
[Date "2024.07.09"]
[Round "10"]
[White "WindWhistler11"]
[Black "Vision_64"]
[Result "1-0"]
[WhiteElo "2470"]
[BlackElo "2333"]
[TimeControl "180+1"]
[EndTime "9:57:16 PDT"]
[Termination "WindWhistler11 won on time"]

1. Nf3 Nf6 2. g3 g6 3. Bg2 Bg7 4. c4 c5 5. O-O Nc6 6. Nc3 O-O 7. a3 d6 8. Rb1 Rb8 9. b4 Bf5 10. d3 Ng4 11. Bd2 Nd4 12. Ne1 Nf6 13. e3 Nc6 14.
e4 Bg4 15. f3 Bd7 16. Nc2 Ne8 17.
b5 Nd4 18. Ne3 a6 19. a4 axb5 20. axb5 Ra8 21. Nc2 Nc7 22. Ne2 Nce6 23. Be3 Nxe2+ 24.
Qxe2 Ra2 25. Qd1 Qa5 26. Bf2 Qc3 27. Ne3 Qa3 28. Nd5 Re8 29. Nb6 Rd8 30. Bh3 Kf8 31.
f4 Qa5 32. Nd5 Nd4 33. Bxd7 Rxd7 34. f5 Rd2 35. Qg4 h5 36. Qh3 gxf5 37. Be3 Re2 38. Bg5 Qa2 39. Nf4 h4 40. Nxe2 Nxe2+ 41. Kh1 Nc3 42.
Ra1 Qe2 43. Ra8+ 1-0

[Event "Early-Titled-Tuesday-Blitz-July-09-2024"]
[Site "Chess.com"]
[Date "2024.07.09"]
[Round "10"]
[White "EternalNight8"]
[Black "Noki102"]
[Result "0-1"]
[WhiteElo "2394"]
[BlackElo "2543"]
[TimeControl "180+1"]
[EndTime "9:57:17 PDT"]
[Termination "Noki102 won on time"]

1. d4 d5 2. c4 c6 3. Nf3 Nf6 4. g3 Bf5 5. Bg2 e6 6. O-O h6 7. Qb3 Qb6 8. c5 Qxb3 9. axb3 Na6 10. Ne5 Nd7 11. Nxd7 Kxd7 12. Bd2 e5 13. e3 Nc7 14. Nc3 Bd3 15. Rfe1 e4 16. f3 f5 17. fxe4 fxe4 18. Bf1 Bxf1 19. Rxf1 Be7 20. b4 a6 21. g4 Raf8 22.
Ne2 Bg5 23. Ng3 g6 24. Kg2 Ne6 25. Ne2 Ke7 26. Kg3 Bf6 27. h4 h5 28. g5 Bg7 29.
Kg2 Rxf1 30. Rxf1 Rf8 31. Rxf8 Bxf8 32. Be1 Kd7 33. Bg3 Be7 34. Be5 Bd8 35. Nf4 Nxf4+ 36. Bxf4 Ke6 37. Be5 Kf5 38. Kg3 a5 39. bxa5 Bxa5 40.
Bf4 Bd2 41. Kh3 Be1 42. Be5 Bf2 43. Bf4 Ke6 44. b3 Kf5 45. b4 Ke6 46. Kg2 Bxh4 47. Kh3 Be1 0-1

[Event "Early-Titled-Tuesday-Blitz-July-09-2024"]
[Site "Chess.com"]
[Date "2024.07.09"]
[Round "10"]
[White "arctic_t00"]
[Black "nj123456"]
[Result "1-0"]
[WhiteElo "2662"]
[BlackElo "2523"]
[TimeControl "180+1"]
[EndTime "9:57:18 PDT"]
[Termination "arctic_t00 won on time"]

1. d4 d5 2. c4 e6 3. Nc3 Nf6 4. cxd5 exd5 5. Bg5 c6 6. e3 Bd6 7. Bd3 O-O 8. Nf3 h6 9. Bh4 Re8 10. O-O Nbd7 11. Re1 Nf8 12. Qc2 Bg4 13. Ne5 Bxe5 14. dxe5 Rxe5 15. f4 Re8 16. f5 Qb6 17. Bf2 Ne4 18.
Nxe4 dxe4 19. Bxe4 Qb4 20. Bd3 Nd7 21. h3 Bh5 22. a3 Qd6 23. g4 Ne5 24. Be4 Bxg4 25. hxg4 Nxg4 26. Bg2 Qh2+ 27. Kf1 Re5 28. e4 h5 29. Qd3 Qf4 30. Qg3 Qd2 31. Bf3 Qd3+ 32. Kg2 Nxf2 33. Qxe5 Ng4 34. Bxg4 hxg4 35. Qg3 Qd2+ 36.
Qf2 Qd3 37. Rad1 Qb5 38. b4 Qe5 39. Qg3 Qe7 40. Qxg4 Re8 41. Rd3 Qf6 42. e5 Qh6 43. Rh3 Qd2+ 44. Re2 Qd5+ 45. Qf3 Qb5 46. Rg3 1-0

[Event "Early-Titled-Tuesday-Blitz-July-09-2024"]
[Site "Chess.com"]
[Date "2024.07.09"]
[Round "10"]
[White "Likvidator228"]
[Black "Puzzlebot_1294"]
[Result "0-1"]
[WhiteElo "2569"]
[BlackElo "2696"]
[TimeControl "180+1"]
[EndTime "9:57:20 PDT"]
[Termination "Puzzlebot_1294 won by resignation"]

1. d4 Nf6 2. Nf3 e6 3. Bf4 b6 4.
e3 Bb7 5. Nbd2 d6 6. h3 Nbd7 7. a4 a6 8. Bd3 g6 9. O-O Bg7 10. e4 Qe7 11. c3 O-O 12. Qe2 e5 13. dxe5 dxe5 14. Bh2 Nh5 15. Bc4 Nf4 16. Bxf4 exf4 17. Rfe1 a5 18. Bd5 Nc5 19. Bxb7 Nxb7 20. e5 Nc5 21. Ne4 Ne6 22. Qc4 Rfd8 23. Rad1 Rxd1 24.
Rxd1 Rd8 25. Rd5 Rxd5 26. Qxd5 Qd8 27. c4 Qe8 28. b3 Qe7 29. Qa8+ Qd8 30. Qd5 Qe7 31.
Qa8+ Qf8 32. Qd5 Qb4 33. Qd3 Bf8 34. Nf6+ Kh8 35. Nd5 Qa3 36. Nd4 Qa1+ 37. Kh2 Qxd4 38. Qxd4 Nxd4 39. Nxc7 Nxb3 40. e6 fxe6 41. Nxe6 Bd6 42.
g3 fxg3+ 43. fxg3 Nc5 44. Nd8 Nxa4 45. Nf7+ Kg7 46. Nxd6 Nc3 47. c5 bxc5 48. Nb7 a4 49.
Nxc5 Kf6 50. Kg2 Ke5 51. Kf3 Kd4 52. Nxa4 Nxa4 53. Kf4 h6 54. h4 Nc3 55. h5 Nd5+ 56.
Kf3 gxh5 57. g4 h4 58. Kg2 Nf4+ 59. Kf3 Ke5 60. g5 hxg5 61. Kg4 h3 62. Kg3 Kf5 63. Kh2 g4 64. Kg3 Ng6 65. Kh2 Kf4 66. Kg1 Nf8 67. Kh1 Kg3 68. Kg1 Kf3 69. Kf1 h2 0-1

[Event "Early-Titled-Tuesday-Blitz-July-09-2024"]
[Site "Chess.com"]
[Date "2024.07.09"]
[Round "10"]
[White "manitodeplomo"]
[Black "JunjiCol"]
[Result "1/2-1/2"]
[WhiteElo "2596"]
[BlackElo "2389"]
[TimeControl "180+1"]
[EndTime "9:57:22 PDT"]
[Termination "Game drawn by repetition"]

1. d4 d5 2. c4 e6 3. Nf3 Nf6 4. Nc3 Nbd7 5. c5 Ne4 6. Bf4 c6 7. e3 Qa5 8. Qc2 b6 9. cxb6 Bb4 10. Bd3 Nxc3 11. bxc3 Bxc3+ 12. Ke2 Bxa1 13. Qxc6 Qxa2+ 14. Nd2 axb6 15. Bd6 Qa4 16. Qxa4 Rxa4 17. Rc1 Ra8 18. Rc7 Rb8 19. Bb5 f6 20. Nb3 Bb2 21. Rc2 Kf7 22.
Rxb2 Rb7 23. Rc2 Nb8 24. f3 Bd7 25. Bd3 Rc8 26. Rb2 Ra7 27. Nd2 b5 28. Bc5 Ra6 29. e4 dxe4 30. fxe4 Nc6 31. Ke3 Ne7 32. Nb3 g5 33.
Bb4 Ra4 34. Nc5 Ra7 35. Nxd7 Rxd7 36. Bxb5 Rdc7 37. Bd3 Rb8 38. Ba3 Rxb2 39. Bxb2 f5 40.
Ba3 f4+ 41. Kd2 Nc6 42. Bc5 Nd8 43. Kc3 e5 44. Bc4+ Kg6 45. Bd5 exd4+ 46. Kxd4 Nc6+ 47.
Kc4 Ne5+ 48. Kd4 Ng4 49. Bd6 Rd7 50. e5 Kf5 51. Be4+ Ke6 52. Bd5+ Kf5 53. Be4+ Ke6 54.
Bd5+ Kf5 1/2-1/2

[Event "Early-Titled-Tuesday-Blitz-July-09-2024"]
[Site "Chess.com"]
[Date "2024.07.09"]
[Round "10"]
[White "artin10862"]
[Black "Losingexperience"]
[Result "1-0"]
[WhiteElo "2941"]
[BlackElo "2724"]
[TimeControl "180+1"]
[EndTime "9:57:23 PDT"]
[Termination "artin10862 won on time"]

1. e4 c5 2. c3 Nf6 3. e5 Nd5 4.
d4 cxd4 5. Bc4 Nb6 6. Bb3 Nc6 7. Nf3 d6 8. exd6 e6 9. O-O Bxd6 10. cxd4 O-O 11. Nc3 Bd7 12. a3 Rc8 13. Bc2 g6 14. h4 Be7 15. h5 Bf6 16. Ne4 Bg7 17.
Nd6 Rc7 18. hxg6 fxg6 19. Bg5 Qb8 20. Bb3 Nd5 21. Re1 h6 22. Bh4 Na5 23. Ba2 Rc6 24.
Ne4 b6 25. Ne5 Bxe5 26. dxe5 g5 27. Bg3 Nc4 28. Qh5 Kg7 29. Nf6 Be8 30. Qe2 b5 31. Rad1 Bg6 32. Bb1 Bxb1 33. Rxb1 Ncb6 34. Qd3 Rh8 35.
Nh5+ Kf7 36. Qf3+ Ke7 37. Nf6 Qf8 38. Rbc1 Rxc1 39. Rxc1 Nc4 40. b3 Nxe5 41. Bxe5 Nxf6 42. Rc7+ Nd7 43. Qc6 Qd8 44. Qd6+ Kf7 45. Rxd7+ 1-0

[Event "Early-Titled-Tuesday-Blitz-July-09-2024"]
[Site "Chess.com"]
[Date "2024.07.09"]
[Round "10"]
[White "JAN2404"]
[Black "AndresDelgado77"]
[Result "0-1"]
[WhiteElo "2076"]
[BlackElo "2329"]
[TimeControl "180+1"]
[EndTime "9:57:23 PDT"]
[Termination "AndresDelgado77 won on time"]

1. e4 e6 2. d4 d5 3. e5 c5 4. c3 Qb6 5. a3 a5 6. Nf3 Nc6 7. Be2 Nh6 8. dxc5 Bxc5 9. O-O Ng4 10. Nd4 Ngxe5 11. Be3 Qxb2 12. Nb3 Bxe3 13. fxe3 a4 14.
Nd4 Qxa1 15. Nb5 Qb2 16. Nc7+ Kd8 17. Nxa8 Bd7 18. Bh5 Ke7 19. Qxa4 Rc8 20. Qh4+ f6 21. Qg3 Rxa8 22. Qxg7+ Kd6 23. Qxh7 Re8 24. Rxf6 Re7 25. Bf7 Nxf7 26. Rxf7 Rxf7 27. Qxf7 Qxb1+ 28. Kf2 Qc2+ 29. Kg3 Qf5 30. Qg7 Ne5 31. h4 Qg6+ 32. Qxg6 Nxg6 33.
h5 Nh8 34. Kf4 Be8 35. g4 Bf7 36. Kg5 Ke7 37. Kh6 Kf8 38. Kh7 Ng6 39. hxg6 Bg8+ 40. Kh6 b5 41. g5 e5 42. g7+ Kf7 43. g6+ Kf6 44. Kh5 Kxg7 45. Kg5 Be6 0-1

[Event "Early-Titled-Tuesday-Blitz-July-09-2024"]
[Site "Chess.com"]
[Date "2024.07.09"]
[Round "10"]
[White "Chessgod9oninsta"]
[Black "DucksParadise"]
[Result "1-0"]
[WhiteElo "2779"]
[BlackElo "2612"]
[TimeControl "180+1"]
[EndTime "9:57:24 PDT"]
[Termination "Chessgod9oninsta won by resignation"]

1. c4 c6 2. d4 d5 3. Nc3 e6 4. Nf3 dxc4 5. a4 Bb4 6. e3 b5 7. Bd2 a5 8. axb5 Bxc3 9. Bxc3 cxb5 10. b3 Bb7 11. bxc4 b4 12. Bb2 Nf6 13. Bd3 O-O 14. O-O Be4 15. Qc2 Bxd3 16. Qxd3 Nbd7 17. Qb3 Qb6 18. Rfd1 Rfb8 19. Ra4 Ne4 20. Qc2 f5 21. Rda1 b3 22. Qd1 Qc6 23. d5 Qb6 24. dxe6 Ndc5 25. e7 Nxa4 26. Qd5+ Kh8 27. Ne5 h6 28.
Rxa4 Kh7 29. Nd7 Qc5 30. Nxb8 Qxd5 31. cxd5 Rxb8 32. Rxa5 Nd6 33. f3 Nc4 34. Rb5 Re8 35. Rb7 Kg6 36. Ba3 Kf7 37. Rxb3 Nxa3 38. Rxa3 Kxe7 39.
Kf2 Kf6 40. Ra6+ Ke5 41. Re6+ Rxe6 42. dxe6 Kxe6 43. Ke2 Kd5 44. Kd3 g5 45. e4+ fxe4+ 46. fxe4+ Ke5 47. Ke3 h5 48. Kd3 h4 49. Ke3 g4 50. g3 h3 51. Kd3 Kf6 52. Kd4 Ke6 53.
e5 Kf5 54. Kd5 1-0

[Event "Early-Titled-Tuesday-Blitz-July-09-2024"]
[Site "Chess.com"]
[Date "2024.07.09"]
[Round "10"]
[White "YaWaleriy"]
[Black "HelenaWalker2912"]
[Result "0-1"]
[WhiteElo "2388"]
[BlackElo "2506"]
[TimeControl "180+1"]
[EndTime "9:57:24 PDT"]
[Termination "HelenaWalker2912 won on time"]

1. d4 d5 2. Nf3 Nf6 3. c4 e6 4. Nc3 c6 5. e3 a6 6. Qc2 c5 7. cxd5 exd5 8. dxc5 Bxc5 9. Be2 Nc6 10. O-O Be6 11. Rd1 Qe7 12. a3 O-O 13. b4 Bd6 14.
Bb2 Rac8 15. Rac1 a5 16. b5 Ne5 17. Nxe5 Bxe5 18. Qa4 Ne4 19. Nxe4 Bxb2 20. Rb1 Qxa3 21. Qxa3 Bxa3 22. Ng5 Rc2 23. Bf3 Bb2 24. Bxd5 Bxd5 25. Rxd5 a4 26. b6 a3 27. Ra5 Rfc8 28. g3 g6 29. Ne4 R8c6 30. Kf1 Rxb6 31. Rxa3 Re6 32.
Ra2 Rxe4 33. Raxb2 Rxb2 34. Rxb2 Re7 35. Rb6 Kf8 36.
h4 h5 37. Ke2 Ke8 38. Kd3 Kd8 39. Kd4 Kc7 40. Rb5 Kc6 41. Rb2 b5 42. e4 Kb6 43.
f4 Ka5 0-1